Ice Hogs vs Whale

Created - Tuesday, December 30, 2014 at 00:06

Goals
1 2 3 OT1 T
Ice Hogs 0 1 1 0 2
Whale 0 0 2 1 3
Shots
1 2 3 OT1 T
Ice Hogs 10 9 5 3 27
Whale 4 8 12 2 26

1st period

No Goal

Penalties :
Jay Rosehill (CON) for Tripping (Minor) at 2:16, Jason Garrison (RIH) for Hooking (Minor) at 3:57, Jason Garrison (RIH) for Elbowing (Minor) at 6:12

2nd period

1. Ice Hogs , Dylan Olsen 15 (Tanner Pearson) at 4:30 (PP)

Penalties :
Mike Moore (CON) for Boarding (Minor) at 3:27, Mathieu Brodeur (RIH) for Hooking (Minor) at 15:43

3rd period

2. Whale , Jay Rosehill 7 (Chris McKelvie) at 6:58
3. Whale , Jon Sim 9 (Mike Hedden, Dallas Jackson) at 16:02
4. Ice Hogs , Jason Garrison 18 (Derek Roy, Brandon Gormley) at 16:13

Penalties :
Travis Morin (RIH) for Slashing (Minor) at 4:37, Travis Morin (RIH) for Hooking (Minor) at 18:17

Overtime #1

5. Whale , Nick Tarnasky 7 (Mike Hedden, Denis Grebeshkov) at 4:55

Penalties :
No Penalty

Goalie Stats

Rob Madore (RIH), 23 saves from 26 shots - (0.885), OTL, 1-1-1, 64:55 minutes
Igor Bobkov (CON), 25 saves from 27 shots - (0.926), W, 5-0-1, 64:55 minutes

Players Stats for Ice Hogs

Player Name              G  A  P  +/- PIM S  H  SB GA TA FO     MP     PP MP  PK MP  
------------------------------------------------------------------------------------
Brandon Gormley          0  1  1   1  0   1  3  0  0  3  0/0    29:34   0:20   4:50 
Brandon Pirri            0  0  0  -3  0   0  0  0  1  1  8/13   17:38   1:09   0:00 
Casey Wellman            0  0  0   1  0   2  1  2  1  3  3/4    21:31   1:35   2:02 
Derek Roy                0  1  1   1  0   3  2  0  4  0  2/3    20:01   1:35   1:59 
Dylan Olsen              1  0  1  -3  0   1  5  2  0  1  0/0    26:29   0:20   5:38 
J.T. Miller              0  0  0  -2  0   3  0  0  3  0  0/0    17:01   1:09   0:00 
Jason Garrison           1  0  1   0  4   5  3  1  1  2  0/0    24:42   2:23   2:26 
Jean-Philippe Cote       0  0  0  -2  0   2  1  1  0  1  0/0    25:31   2:24   4:47 
Johan Larsson            0  0  0   0  0   0  2  0  2  0  3/7    18:35   0:00   4:28 
Mathieu Brodeur          0  0  0   0  2   0  0  0  0  1  0/0     7:52   0:00   1:03 
Michael Bournival        0  0  0   0  0   1  0  0  1  0  0/0     3:58   0:00   0:36 
Mike Hoffman             0  0  0   0  0   0  0  0  0  0  0/0     0:34   0:00   0:00 
Oscar Lindberg           0  0  0   0  0   0  0  0  0  1  0/0     0:43   0:00   0:00 
Roman Horak              0  0  0  -1  0   2  2  3  2  1  0/1    20:42   0:00   3:42 
Seth Griffith            0  0  0   0  0   2  0  0  1  0  0/0    19:48   0:00   3:28 
Tanner Pearson           0  1  1  -2  0   2  5  1  2  0  0/1    17:01   1:09   0:00 
Travis Morin             0  0  0   1  4   3  0  0  1  0  2/10   19:04   1:35   2:42 
Zach Redmond             0  0  0   0  0   0  0  1  0  1  0/0    18:56   0:00   0:30 

Players Stats for Whale

Player Name              G  A  P  +/- PIM S  H  SB GA TA FO     MP     PP MP  PK MP  
------------------------------------------------------------------------------------
Brendan Ranford          0  0  0   0  0   0  1  0  1  0  0/0    12:23   0:23   0:00 
Brent Regner             0  0  0   0  0   1  0  1  0  1  0/0    23:33   4:28   1:01 
Chris McKelvie           0  1  1   1  0   2  0  0  1  0  3/6    16:09   0:00   0:00 
Dallas Jackson           0  1  1   0  0   2  1  2  0  1  0/0    23:33   4:28   1:01 
Denis Grebeshkov         0  1  1   1  0   1  0  2  0  3  0/0    28:04   4:52   1:43 
Denny Urban              0  0  0   1  0   0  1  0  0  1  0/0    13:18   0:00   0:00 
Derek Nesbitt            0  0  0   0  0   2  0  0  0  0  0/0     8:14   0:00   0:00 
Dylan McIlrath           0  0  0   0  0   0  1  0  0  0  0/0     4:17   0:00   0:00 
James Livingston         0  0  0   1  0   2  0  0  1  0  0/0    15:30   0:00   0:24 
Jay Rosehill             1  0  1   1  2   4  3  0  2  0  0/0    16:08   0:34   0:00 
John McCarthy            0  0  0   0  0   2  0  0  5  1  3/9    21:30   4:09   1:50 
Jon Sim                  1  0  1   0  0   3  1  1  1  1  0/0    18:06   5:10   0:00 
Kelly Zajac              0  0  0   0  0   1  1  0  3  1  11/16  18:28   5:10   0:00 
Mike Hedden              0  2  2   1  0   2  0  0  4  0  0/0    20:03   5:10   0:54 
Mike Moore               0  0  0   1  2   1  1  1  1  0  0/0    13:17   0:00   0:00 
Nick Tarnasky            1  0  1   1  0   2  2  0  1  0  0/0    17:58   4:01   0:30 
Radek Dvorak             0  0  0   0  0   0  0  0  0  1  4/8    22:18   3:23   1:50 
Taylor Chorney           0  0  0   1  0   1  2  1  0  1  0/0    23:47   4:52   1:43 

3 Stars

1 - Nick Tarnasky (CON)
2 - Mike Hedden (CON)
3 - Jay Rosehill (CON)

Power Play

Ice Hogs - 1 on 2 Attempt(s) - 50.00%
Whale - 0 on 5 Attempt(s) - 0.00%

Penalty Kill

Ice Hogs - 5 on 5 Attempt(s) - 100.00% - Score 0 goal in Penalty Kill
Whale - 1 on 2 Attempt(s) - 50.00% - Score 0 goal in Penalty Kill

Official

Referees : Unknown
Linesman : Unknown

Game Notes

No Game Note

Finance

Level 1 -- Attendance: 1627 (81.35%) -- Ticket Income $56,945
Level 2 -- Attendance: 800 (80.00%) -- Ticket Income $12,000
Total Attendance: 2427 (80.90%)
Total Ticket Income: $68,945
Other Income: $33,783
Total Income: $102,728

Ice Hogs

5 vs 5 Forward 
   Center                   Left Wing                Right Wing               Time % Phy DF OF 
 1 Brandon Pirri            Tanner Pearson           J.T. Miller              30     0   2  3  
 2 Derek Roy                Roman Horak              Casey Wellman            25     0   2  3  
 3 Johan Larsson            Roman Horak              Seth Griffith            25     1   2  2  
 4 Travis Morin             Derek Roy                Casey Wellman            20     1   2  2  

5 vs 5 Defense 
   Defense                  Defense                                           Time % Phy DF OF 
 1 Jason Garrison           Brandon Gormley                                   30     1   2  2  
 2 Dylan Olsen              Jean-Philippe Cote                                30     1   2  2  
 3 Zach Redmond             Brandon Gormley                                   30     1   2  2  
 4 Jason Garrison           Dylan Olsen                                       10     1   2  2  

PowerPlay Forward 
   Center                   Left Wing                Right Wing               Time % Phy DF OF 
 1 Brandon Pirri            Tanner Pearson           J.T. Miller              50     0   1  4  
 2 Travis Morin             Derek Roy                Casey Wellman            50     0   1  4  

PowerPlay Defense
   Defense                  Defense                                           Time % Phy DF OF 
 1 Jason Garrison           Jean-Philippe Cote                                50     0   1  4  
 2 Dylan Olsen              Brandon Gormley                                   50     0   1  4  

Penalty Kill 4 Players Forward 
   Center                   Wing                     Time % Phy DF OF 
 1 Johan Larsson            Roman Horak              50     1   3  1  
 2 Travis Morin             Seth Griffith            50     1   3  1  

Penalty Kill 4 Players Defense
   Defense                  Defense                  Time % Phy DF OF 
 1 Jason Garrison           Brandon Gormley          50     1   4  0  
 2 Dylan Olsen              Jean-Philippe Cote       50     1   4  0  

Penalty Kill - 3 Players Forward 
   Forward                                           Time % Phy DF OF 
 1 Johan Larsson                                     50     1   4  0  
 2 Travis Morin                                      50     1   4  0  

Penalty Kill - 3 Players Defense
   Defense                  Defense                  Time % Phy DF OF 
 1 Jason Garrison           Brandon Gormley          50     1   4  0  
 2 Dylan Olsen              Jean-Philippe Cote       50     1   4  0  

4 vs 4 Forward 
   Center                   Wing                     Time % Phy DF OF 
 1 Travis Morin             Seth Griffith            50     1   2  2  
 2 Derek Roy                Casey Wellman            50     1   2  2  

4 vs 4 Defense
   Defense                  Defense                  Time % Phy DF OF 
 1 Dylan Olsen              Jean-Philippe Cote       50     1   2  2  
 2 Zach Redmond             Brandon Gormley          50     1   2  2  

Last Minutes Offensive
   Center                   Left Wing                Right Wing               Defense                  Defense                  
   Brandon Pirri            Derek Roy                J.T. Miller              Jason Garrison           Dylan Olsen              

Last Minutes Defensive
   Center                   Left Wing                Right Wing               Defense                  Defense                  
   Johan Larsson            Roman Horak              Seth Griffith            Jason Garrison           Dylan Olsen              

Goaltenders
Starting : Rob Madore               
Backup : Farm Player86            

Extra Forwards
Normal : Travis Morin, Brandon Pirri, Seth Griffith - PP : Travis Morin, Seth Griffith - PK : Casey Wellman
Extra Defensemen
Normal : Dylan Olsen, Brandon Gormley, Jason Garrison - PP : Jean-Philippe Cote - PK : Dylan Olsen, Jason Garrison
Penalty Shots
Casey Wellman, Derek Roy, Travis Morin, Roman Horak, Brandon Pirri

Whale

5 vs 5 Forward 
   Center                   Left Wing                Right Wing               Time % Phy DF OF 
 1 John McCarthy            Nick Tarnasky            Radek Dvorak             35     1   2  2  
 2 Kelly Zajac              Mike Hedden              Jon Sim                  30     1   2  2  
 3 Chris McKelvie           Jay Rosehill             James Livingston         22     1   2  2  
 4 Radek Dvorak             Brendan Ranford          Derek Nesbitt            13     1   2  2  

5 vs 5 Defense 
   Defense                  Defense                                           Time % Phy DF OF 
 1 Denis Grebeshkov         Taylor Chorney                                    35     1   2  2  
 2 Brent Regner             Dallas Jackson                                    30     1   2  2  
 3 Mike Moore               Denny Urban                                       22     1   2  2  
 4 Dylan McIlrath           Denis Grebeshkov                                  13     1   2  2  

PowerPlay Forward 
   Center                   Left Wing                Right Wing               Time % Phy DF OF 
 1 John McCarthy            Nick Tarnasky            Radek Dvorak             60     1   2  2  
 2 Kelly Zajac              Mike Hedden              Jon Sim                  40     1   2  2  

PowerPlay Defense
   Defense                  Defense                                           Time % Phy DF OF 
 1 Denis Grebeshkov         Taylor Chorney                                    60     1   2  2  
 2 Brent Regner             Dallas Jackson                                    40     1   2  2  

Penalty Kill 4 Players Forward 
   Center                   Wing                     Time % Phy DF OF 
 1 Radek Dvorak             John McCarthy            60     1   2  2  
 2 Nick Tarnasky            Mike Hedden              40     1   2  2  

Penalty Kill 4 Players Defense
   Defense                  Defense                  Time % Phy DF OF 
 1 Denis Grebeshkov         Taylor Chorney           60     1   2  2  
 2 Brent Regner             Dallas Jackson           40     1   2  2  

Penalty Kill - 3 Players Forward 
   Forward                                           Time % Phy DF OF 
 1 Radek Dvorak                                      60     1   2  2  
 2 John McCarthy                                     40     1   2  2  

Penalty Kill - 3 Players Defense
   Defense                  Defense                  Time % Phy DF OF 
 1 Denis Grebeshkov         Taylor Chorney           60     1   2  2  
 2 Brent Regner             Dallas Jackson           40     1   2  2  

4 vs 4 Forward 
   Center                   Wing                     Time % Phy DF OF 
 1 Radek Dvorak             John McCarthy            60     1   2  2  
 2 Nick Tarnasky            Mike Hedden              40     1   2  2  

4 vs 4 Defense
   Defense                  Defense                  Time % Phy DF OF 
 1 Denis Grebeshkov         Taylor Chorney           60     1   2  2  
 2 Brent Regner             Dallas Jackson           40     1   2  2  

Last Minutes Offensive
   Center                   Left Wing                Right Wing               Defense                  Defense                  
   John McCarthy            Nick Tarnasky            Radek Dvorak             Denis Grebeshkov         Taylor Chorney           

Last Minutes Defensive
   Center                   Left Wing                Right Wing               Defense                  Defense                  
   John McCarthy            Nick Tarnasky            Radek Dvorak             Denis Grebeshkov         Taylor Chorney           

Goaltenders
Starting : Igor Bobkov              
Backup : Jeff Malcolm             

Extra Forwards
Normal : Jay Rosehill, Brendan Ranford, James Livingston - PP : Jay Rosehill, Brendan Ranford - PK : James Livingston
Extra Defensemen
Normal : Mike Moore, Denny Urban, Dylan McIlrath - PP : Mike Moore - PK : Denny Urban, Dylan McIlrath
Penalty Shots
Radek Dvorak, John McCarthy, Nick Tarnasky, Mike Hedden, Kelly Zajac

% Time on Ice - Ice Hogs

Lines # - Real PCT - Wanted PCT - Time Play
Normal Forward
1 - 34% - 30% - 16:26
2 - 16% - 25% - 7:28
3 - 28% - 25% - 13:34
4 - 21% - 20% - 10:10
Normal Defense
1 - 24% - 30% - 11:27
2 - 34% - 30% - 16:04
3 - 34% - 30% - 16:19
4 - 8% - 10% - 3:48
PP Forward
1 - 42% - 50% - 1:09
2 - 58% - 50% - 1:35
PP Defense
1 - 88% - 50% - 2:24
2 - 12% - 50% - 0:20
PK Forward
1 - 42% - 50% - 3:53
2 - 58% - 50% - 5:27
PK Defense
1 - 43% - 50% - 4:03
2 - 57% - 50% - 5:17
PK3 Forward
1 - 100% - 50% - 0:17
2 - 0% - 50% - 0:00
PK3 Defense
1 - 100% - 50% - 0:17
2 - 0% - 50% - 0:00
44 Forward
1 - 52% - 50% - 2:35
2 - 48% - 50% - 2:21
44 Defense
1 - 57% - 50% - 2:49
2 - 43% - 50% - 2:07
Last Minute Offensive  - 0:00
Last Minute Defensive  - 0:00
Total
Forward - 64:55
Defense - 64:55

% Time on Ice - Whale

Lines # - Real PCT - Wanted PCT - Time Play
Normal Forward
1 - 28% - 35% - 13:09
2 - 27% - 30% - 12:56
3 - 29% - 22% - 13:44
4 - 16% - 13% - 7:49
Normal Defense
1 - 30% - 35% - 14:10
2 - 33% - 30% - 15:53
3 - 28% - 22% - 13:18
4 - 9% - 13% - 4:17
PP Forward
1 - 45% - 60% - 4:10
2 - 55% - 40% - 5:10
PP Defense
1 - 52% - 60% - 4:52
2 - 48% - 40% - 4:28
PK Forward
1 - 82% - 60% - 2:14
2 - 18% - 40% - 0:30
PK Defense
1 - 63% - 60% - 1:43
2 - 37% - 40% - 1:01
PK3 Forward
1 - 0% - 60%
2 - 0% - 40%
PK3 Defense
1 - 0% - 60%
2 - 0% - 40%
44 Forward
1 - 94% - 60% - 4:55
2 - 6% - 40% - 0:18
44 Defense
1 - 58% - 60% - 3:02
2 - 42% - 40% - 2:11
Last Minute Offensive  - 0:00
Last Minute Defensive  - 0:00
Total
Forward - 64:55
Defense - 64:55

Play by Play

1st period


0:01 of 1st period - Brandon Pirri wins face-off versus John McCarthy in neutral zone.
0:23 of 1st period - Snap shot by Tanner Pearson.
0:23 of 1st period - Shot Misses the Net.
0:25 of 1st period - Slapshot by Jason Garrison.
0:25 of 1st period - Shot Misses the Net.
0:47 of 1st period - Taylor Chorney is hit by Brandon Gormley and loses puck.
1:02 of 1st period - Slapshot by Derek Roy.
1:02 of 1st period - Stopped by Igor Bobkov with a rebound.
1:10 of 1st period - Wrist shot by Derek Roy.
1:10 of 1st period - Stopped by Igor Bobkov with a rebound.
1:12 of 1st period - Snap shot by Jean-Philippe Cote.
1:12 of 1st period - Deflect By Denis Grebeshkov.
1:12 of 1st period - Stopped by Igor Bobkov with a rebound.
1:36 of 1st period - Wrist shot by Johan Larsson.
1:36 of 1st period - Shot Blocked by Jon Sim.
1:44 of 1st period - Snap shot by Mike Hedden.
1:44 of 1st period - Shot Hit the Post.
1:46 of 1st period - Slapshot by Mike Hedden.
1:46 of 1st period - Stopped by Rob Madore with a rebound.
1:48 of 1st period - Slapshot by Dallas Jackson.
1:48 of 1st period - Deflect By Kelly Zajac.
1:48 of 1st period - Shot Misses the Net.
1:48 of 1st period - Puck is out of play.
1:49 of 1st period - Chris McKelvie wins face-off versus Travis Morin in Ice Hogs zone.
2:16 of 1st period - Minor Penalty to Jay Rosehill for Tripping.
2:17 of 1st period - Radek Dvorak wins face-off versus Brandon Pirri in Whale zone.
2:25 of 1st period - Off-side.
2:26 of 1st period - Brandon Pirri wins face-off versus Radek Dvorak in neutral zone.
3:30 of 1st period - Taylor Chorney is hit by Derek Roy.
3:55 of 1st period - Slapshot by James Livingston.
3:55 of 1st period - Shot Misses the Net.
3:57 of 1st period - Minor Penalty to Jason Garrison for Hooking.
3:58 of 1st period - Radek Dvorak wins face-off versus Travis Morin in Ice Hogs zone.
4:11 of 1st period - Snap shot by Seth Griffith.
4:11 of 1st period - Stopped by Igor Bobkov with a rebound.
4:13 of 1st period - Slapshot by Brandon Gormley.
4:13 of 1st period - Deflect By Denis Grebeshkov.
4:13 of 1st period - Stopped by Igor Bobkov with a rebound.
4:16 of 1st period - Penalty to Jay Rosehill is over, Jay Rosehill is back on ice.
4:39 of 1st period - Taylor Chorney is hit by Johan Larsson and loses puck.
4:50 of 1st period - Wrist shot by Roman Horak.
4:50 of 1st period - Shot Misses the Net.
4:52 of 1st period - Snap shot by Roman Horak.
4:52 of 1st period - Stopped by Igor Bobkov with a rebound.
4:54 of 1st period - Slapshot by Jean-Philippe Cote.
4:54 of 1st period - Shot Blocked by Denis Grebeshkov.
5:57 of 1st period - Penalty to Jason Garrison is over, Jason Garrison is back on ice.
6:06 of 1st period - Casey Wellman is hit by Jay Rosehill and loses puck.
6:12 of 1st period - Minor Penalty to Jason Garrison for Elbowing.
6:13 of 1st period - Travis Morin wins face-off versus John McCarthy in Ice Hogs zone.
6:27 of 1st period - Icing by John McCarthy.
6:28 of 1st period - Johan Larsson wins face-off versus John McCarthy in Whale zone.
6:45 of 1st period - Snap shot by Roman Horak.
6:45 of 1st period - Deflect By Johan Larsson.
6:45 of 1st period - Shot Misses the Net.
6:45 of 1st period - Puck is out of play.
6:46 of 1st period - Kelly Zajac wins face-off versus Travis Morin in Whale zone.
6:55 of 1st period - Backhand shot by Mike Hedden.
6:55 of 1st period - Shot Misses the Net.
6:57 of 1st period - Slapshot by Brent Regner.
6:57 of 1st period - Stopped by Rob Madore without a rebound.
6:58 of 1st period - Kelly Zajac wins face-off versus Travis Morin in Ice Hogs zone.
7:03 of 1st period - Wrist shot by Jon Sim.
7:03 of 1st period - Shot Misses the Net.
8:12 of 1st period - Penalty to Jason Garrison is over, Jason Garrison is back on ice.
8:58 of 1st period - Kelly Zajac is hit by Dylan Olsen and loses puck.
9:07 of 1st period - Jean-Philippe Cote is hit by Kelly Zajac and loses puck.
9:40 of 1st period - Wrist shot by J.T. Miller.
9:40 of 1st period - Shot Misses the Net.
10:31 of 1st period - Icing by Roman Horak.
10:32 of 1st period - Derek Roy wins face-off versus Kelly Zajac in Ice Hogs zone.
10:47 of 1st period - Snap shot by Jason Garrison.
10:47 of 1st period - Deflect By Casey Wellman.
10:47 of 1st period - Stopped by Igor Bobkov with a rebound.
11:09 of 1st period - Radek Dvorak is hit by Jason Garrison and loses puck.
11:18 of 1st period - Dallas Jackson is hit by Dylan Olsen and loses puck.
11:51 of 1st period - Snap shot by Casey Wellman.
11:51 of 1st period - Stopped by Igor Bobkov without a rebound.
11:52 of 1st period - Kelly Zajac wins face-off versus Derek Roy in Whale zone.
13:02 of 1st period - Icing by Jason Garrison.
13:03 of 1st period - John McCarthy wins face-off versus Travis Morin in Ice Hogs zone.
13:34 of 1st period - Snap shot by J.T. Miller.
13:34 of 1st period - Stopped by Igor Bobkov with a rebound.
13:53 of 1st period - Jay Rosehill is hit by Johan Larsson.
13:59 of 1st period - Snap shot by Brent Regner.
13:59 of 1st period - Shot Blocked by Zach Redmond.
14:43 of 1st period - Snap shot by Brandon Pirri.
14:43 of 1st period - Deflect By J.T. Miller.
14:43 of 1st period - Shot Misses the Net.
14:43 of 1st period - Puck is out of play.
14:44 of 1st period - Brandon Pirri wins face-off versus Chris McKelvie in Whale zone.
15:50 of 1st period - Taylor Chorney is hit by Jean-Philippe Cote.
16:00 of 1st period - Slapshot by Nick Tarnasky.
16:00 of 1st period - Shot Blocked by Jean-Philippe Cote.
16:02 of 1st period - Slapshot by Denis Grebeshkov.
16:02 of 1st period - Stopped by Rob Madore without a rebound.
16:03 of 1st period - Brandon Pirri wins face-off versus Radek Dvorak in Ice Hogs zone.
16:03 of 1st period - Brandon Pirri is hit by Nick Tarnasky.
16:58 of 1st period - Kelly Zajac is hit by Tanner Pearson and loses puck.
17:31 of 1st period - Backhand shot by Travis Morin.
17:31 of 1st period - Stopped by Igor Bobkov with a rebound.
18:37 of 1st period - Snap shot by Derek Nesbitt.
18:37 of 1st period - Stopped by Rob Madore with a rebound.
18:47 of 1st period - Wrist shot by Derek Roy.
18:47 of 1st period - Shot Misses the Net.
Goals for this period are 0 for Ice Hogs vs 0 for Whale.
Shots for this period are 10 for Ice Hogs vs 4 for Whale.

2nd period


0:01 of 2nd period - Derek Roy wins face-off versus John McCarthy in neutral zone.
0:04 of 2nd period - Nick Tarnasky is hit by Jason Garrison and loses puck.
0:26 of 2nd period - Off-side.
0:27 of 2nd period - Brandon Pirri wins face-off versus Kelly Zajac in neutral zone.
1:02 of 2nd period - Slapshot by Tanner Pearson.
1:02 of 2nd period - Shot Misses the Net.
1:18 of 2nd period - James Livingston is hit by Dylan Olsen and loses puck.
1:22 of 2nd period - Icing by Dallas Jackson.
1:23 of 2nd period - Johan Larsson wins face-off versus Chris McKelvie in Whale zone.
1:34 of 2nd period - Slapshot by Jay Rosehill.
1:34 of 2nd period - Stopped by Rob Madore without a rebound.
1:35 of 2nd period - Travis Morin wins face-off versus John McCarthy in Ice Hogs zone.
2:00 of 2nd period - Nick Tarnasky is hit by Brandon Gormley and loses puck.
2:26 of 2nd period - Jason Garrison is hit by Jay Rosehill and loses puck.
2:31 of 2nd period - Backhand shot by Jay Rosehill.
2:31 of 2nd period - Shot Misses the Net.
3:18 of 2nd period - Wrist shot by Tanner Pearson.
3:18 of 2nd period - Stopped by Igor Bobkov without a rebound.
3:19 of 2nd period - Kelly Zajac wins face-off versus Brandon Pirri in Whale zone.
3:27 of 2nd period - Minor Penalty to Mike Moore for Boarding.
3:28 of 2nd period - Casey Wellman wins face-off versus Radek Dvorak in Whale zone.
4:06 of 2nd period - John McCarthy is hit by Derek Roy and loses puck.
4:30 of 2nd period - Wrist shot by Dylan Olsen.
4:30 of 2nd period - Goal by Dylan Olsen - Ice Hogs : 1 - Whale : 0.
4:31 of 2nd period - Brandon Pirri wins face-off versus Kelly Zajac in neutral zone.
4:34 of 2nd period - Wrist shot by Tanner Pearson.
4:34 of 2nd period - Shot Blocked by Brent Regner.
4:38 of 2nd period - Wrist shot by J.T. Miller.
4:38 of 2nd period - Stopped by Igor Bobkov without a rebound.
4:39 of 2nd period - Brandon Pirri wins face-off versus Kelly Zajac in Whale zone.
4:46 of 2nd period - Snap shot by Brandon Pirri.
4:46 of 2nd period - Shot Blocked by Dallas Jackson.
4:48 of 2nd period - Wrist shot by Tanner Pearson.
4:48 of 2nd period - Stopped by Igor Bobkov with a rebound.
4:50 of 2nd period - Slapshot by Zach Redmond.
4:50 of 2nd period - Deflect By J.T. Miller.
4:50 of 2nd period - Stopped by Igor Bobkov without a rebound.
4:51 of 2nd period - Kelly Zajac wins face-off versus Tanner Pearson in Whale zone.
5:24 of 2nd period - Snap shot by J.T. Miller.
5:24 of 2nd period - Shot Misses the Net.
5:52 of 2nd period - Wrist shot by Jay Rosehill.
5:52 of 2nd period - Shot Misses the Net.
5:54 of 2nd period - Slapshot by Taylor Chorney.
5:54 of 2nd period - Stopped by Rob Madore with a rebound.
5:56 of 2nd period - Slapshot by Taylor Chorney.
5:56 of 2nd period - Shot Blocked by Roman Horak.
5:58 of 2nd period - Snap shot by James Livingston.
5:58 of 2nd period - Stopped by Rob Madore with a rebound.
6:20 of 2nd period - Nick Tarnasky is hit by Roman Horak and loses puck.
6:32 of 2nd period - Derek Roy is hit by Taylor Chorney and loses puck.
8:45 of 2nd period - Johan Larsson is hit by Jay Rosehill and loses puck.
9:39 of 2nd period - Snap shot by Casey Wellman.
9:39 of 2nd period - Shot Blocked by Dallas Jackson.
9:41 of 2nd period - Slapshot by Jason Garrison.
9:41 of 2nd period - Stopped by Igor Bobkov with a rebound.
9:59 of 2nd period - Slapshot by Seth Griffith.
9:59 of 2nd period - Shot Misses the Net.
10:01 of 2nd period - Slapshot by Seth Griffith.
10:01 of 2nd period - Stopped by Igor Bobkov with a rebound.
10:38 of 2nd period - Brendan Ranford is hit by Tanner Pearson and loses puck.
10:47 of 2nd period - Brendan Ranford is hit by Tanner Pearson and loses puck.
11:00 of 2nd period - Jean-Philippe Cote is hit by Brendan Ranford and loses puck.
11:11 of 2nd period - Jean-Philippe Cote is hit by Denny Urban and loses puck.
12:08 of 2nd period - Dallas Jackson is hit by Jason Garrison.
13:52 of 2nd period - Wrist shot by Derek Nesbitt.
13:52 of 2nd period - Stopped by Rob Madore with a rebound.
13:54 of 2nd period - Snap shot by Mike Moore.
13:54 of 2nd period - Shot Misses the Net.
15:08 of 2nd period - Snap shot by Michael Bournival.
15:08 of 2nd period - Stopped by Igor Bobkov with a rebound.
15:43 of 2nd period - Minor Penalty to Mathieu Brodeur for Hooking.
15:44 of 2nd period - Radek Dvorak wins face-off versus Travis Morin in Ice Hogs zone.
16:50 of 2nd period - Snap shot by John McCarthy.
16:50 of 2nd period - Shot Blocked by Dylan Olsen.
17:36 of 2nd period - Slapshot by Jason Garrison.
17:36 of 2nd period - Deflect By Casey Wellman.
17:36 of 2nd period - Shot Misses the Net.
17:36 of 2nd period - Puck is out of play.
17:37 of 2nd period - Casey Wellman wins face-off versus John McCarthy in Whale zone.
17:40 of 2nd period - Slapshot by Jason Garrison.
17:40 of 2nd period - Stopped by Igor Bobkov with a rebound.
17:43 of 2nd period - Penalty to Mathieu Brodeur is over, Mathieu Brodeur is back on ice.
17:58 of 2nd period - Wrist shot by Jay Rosehill.
17:58 of 2nd period - Shot Blocked by Casey Wellman.
18:00 of 2nd period - Wrist shot by Jay Rosehill.
18:00 of 2nd period - Stopped by Rob Madore with a rebound.
18:04 of 2nd period - Snap shot by James Livingston.
18:04 of 2nd period - Stopped by Rob Madore with a rebound.
18:06 of 2nd period - Snap shot by James Livingston.
18:06 of 2nd period - Shot Blocked by Casey Wellman.
18:08 of 2nd period - Slapshot by Mike Moore.
18:08 of 2nd period - Shot Blocked by Jason Garrison.
18:10 of 2nd period - Slapshot by Mike Moore.
18:10 of 2nd period - Shot Misses the Net.
18:12 of 2nd period - Slapshot by Mike Moore.
18:12 of 2nd period - Stopped by Rob Madore with a rebound.
18:14 of 2nd period - Wrist shot by Jay Rosehill.
18:14 of 2nd period - Stopped by Rob Madore with a rebound.
18:40 of 2nd period - Snap shot by Brendan Ranford.
18:40 of 2nd period - Shot Misses the Net.
18:42 of 2nd period - Wrist shot by Radek Dvorak.
18:42 of 2nd period - Shot Misses the Net.
18:59 of 2nd period - Icing by Taylor Chorney.
19:00 of 2nd period - Brandon Pirri wins face-off versus Chris McKelvie in Whale zone.
19:53 of 2nd period - Snap shot by Roman Horak.
19:53 of 2nd period - Shot Misses the Net.
Goals for this period are 1 for Ice Hogs vs 0 for Whale.
Shots for this period are 9 for Ice Hogs vs 8 for Whale.

3rd period


0:01 of 3rd period - John McCarthy wins face-off versus Travis Morin in neutral zone.
0:50 of 3rd period - Slapshot by Jason Garrison.
0:50 of 3rd period - Shot Hit the Post.
0:52 of 3rd period - Wrist shot by Roman Horak.
0:52 of 3rd period - Stopped by Igor Bobkov with a rebound.
2:02 of 3rd period - Dallas Jackson is hit by Tanner Pearson.
2:26 of 3rd period - Slapshot by Jason Garrison.
2:26 of 3rd period - Deflect By Travis Morin.
2:26 of 3rd period - Stopped by Igor Bobkov with a rebound.
2:28 of 3rd period - Slapshot by Jason Garrison.
2:28 of 3rd period - Deflect By James Livingston.
2:28 of 3rd period - Stopped by Igor Bobkov with a rebound.
2:41 of 3rd period - Off-side.
2:42 of 3rd period - Radek Dvorak wins face-off versus Johan Larsson in neutral zone.
3:19 of 3rd period - Slapshot by Kelly Zajac.
3:19 of 3rd period - Stopped by Rob Madore with a rebound.
3:21 of 3rd period - Backhand shot by Denny Urban.
3:21 of 3rd period - Shot Misses the Net.
3:29 of 3rd period - Snap shot by Mike Hedden.
3:29 of 3rd period - Shot Misses the Net.
3:33 of 3rd period - Wrist shot by Jon Sim.
3:33 of 3rd period - Stopped by Rob Madore with a rebound.
3:43 of 3rd period - Snap shot by Chris McKelvie.
3:43 of 3rd period - Stopped by Rob Madore with a rebound.
3:45 of 3rd period - Backhand shot by Taylor Chorney.
3:45 of 3rd period - Shot Blocked by Roman Horak.
3:47 of 3rd period - Slapshot by James Livingston.
3:47 of 3rd period - Shot Misses the Net.
4:30 of 3rd period - Wrist shot by Derek Roy.
4:30 of 3rd period - Shot Misses the Net.
4:37 of 3rd period - Minor Penalty to Travis Morin for Slashing.
4:38 of 3rd period - Kelly Zajac wins face-off versus Casey Wellman in Ice Hogs zone.
5:10 of 3rd period - Roman Horak is hit by Jon Sim and loses puck.
6:23 of 3rd period - Michael Bournival is hit by Nick Tarnasky and loses puck.
6:37 of 3rd period - Penalty to Travis Morin is over, Travis Morin is back on ice.
6:58 of 3rd period - Snap shot by Jay Rosehill.
6:58 of 3rd period - Goal by Jay Rosehill - Ice Hogs : 1 - Whale : 1.
6:59 of 3rd period - Chris McKelvie wins face-off versus Brandon Pirri in neutral zone.
7:16 of 3rd period - Slapshot by Chris McKelvie.
7:16 of 3rd period - Stopped by Rob Madore with a rebound.
7:18 of 3rd period - Slapshot by Dallas Jackson.
7:18 of 3rd period - Deflect By Brandon Pirri.
7:18 of 3rd period - Stopped by Rob Madore with a rebound.
9:35 of 3rd period - Seth Griffith is hit by Dylan McIlrath and loses puck.
9:50 of 3rd period - Brent Regner is hit by Roman Horak and loses puck.
10:15 of 3rd period - Kelly Zajac is hit by Dylan Olsen and loses puck.
10:44 of 3rd period - Snap shot by John McCarthy.
10:44 of 3rd period - Shot Misses the Net.
10:46 of 3rd period - Wrist shot by Nick Tarnasky.
10:46 of 3rd period - Stopped by Rob Madore with a rebound.
10:48 of 3rd period - Snap shot by John McCarthy.
10:48 of 3rd period - Shot Blocked by Roman Horak.
10:50 of 3rd period - Snap shot by John McCarthy.
10:50 of 3rd period - Stopped by Rob Madore with a rebound.
11:10 of 3rd period - Jean-Philippe Cote is hit by Mike Moore and loses puck.
11:37 of 3rd period - Slapshot by J.T. Miller.
11:37 of 3rd period - Shot Misses the Net.
12:13 of 3rd period - Slapshot by Dallas Jackson.
12:13 of 3rd period - Stopped by Rob Madore without a rebound.
12:14 of 3rd period - Chris McKelvie wins face-off versus Johan Larsson in Ice Hogs zone.
13:21 of 3rd period - Casey Wellman is hit by Taylor Chorney and loses puck.
13:28 of 3rd period - Slapshot by Jason Garrison.
13:28 of 3rd period - Shot Blocked by Taylor Chorney.
13:44 of 3rd period - Snap shot by Roman Horak.
13:44 of 3rd period - Shot Blocked by Denis Grebeshkov.
14:06 of 3rd period - John McCarthy is hit by Tanner Pearson and loses puck.
15:30 of 3rd period - Wrist shot by Mike Hoffman.
15:30 of 3rd period - Shot Misses the Net.
15:32 of 3rd period - Slapshot by Zach Redmond.
15:32 of 3rd period - Shot Blocked by Mike Moore.
15:34 of 3rd period - Snap shot by Michael Bournival.
15:34 of 3rd period - Deflect By Mike Hoffman.
15:34 of 3rd period - Shot Misses the Net.
15:34 of 3rd period - Puck is out of play.
15:35 of 3rd period - Kelly Zajac wins face-off versus Brandon Pirri in Whale zone.
15:54 of 3rd period - Snap shot by Jon Sim.
15:54 of 3rd period - Shot Blocked by Tanner Pearson.
16:00 of 3rd period - Snap shot by Jon Sim.
16:00 of 3rd period - Shot Blocked by Dylan Olsen.
16:02 of 3rd period - Backhand shot by Jon Sim.
16:02 of 3rd period - Goal by Jon Sim - Ice Hogs : 1 - Whale : 2.
16:03 of 3rd period - Kelly Zajac wins face-off versus Travis Morin in neutral zone.
16:13 of 3rd period - Slapshot by Jason Garrison.
16:13 of 3rd period - Goal by Jason Garrison - Ice Hogs : 2 - Whale : 2.
16:14 of 3rd period - Kelly Zajac wins face-off versus Johan Larsson in neutral zone.
16:24 of 3rd period - Off-side.
16:25 of 3rd period - Kelly Zajac wins face-off versus Johan Larsson in neutral zone.
16:28 of 3rd period - Wrist shot by Mike Hedden.
16:28 of 3rd period - Stopped by Rob Madore with a rebound.
17:23 of 3rd period - Slapshot by Derek Roy.
17:23 of 3rd period - Stopped by Igor Bobkov without a rebound.
17:24 of 3rd period - John McCarthy wins face-off versus Brandon Pirri in Whale zone.
17:29 of 3rd period - Brandon Gormley is hit by Dallas Jackson and loses puck.
17:34 of 3rd period - Wrist shot by John McCarthy.
17:34 of 3rd period - Shot Misses the Net.
18:17 of 3rd period - Minor Penalty to Travis Morin for Hooking.
18:18 of 3rd period - Kelly Zajac wins face-off versus Roman Horak in Ice Hogs zone.
18:21 of 3rd period - Wrist shot by Jon Sim.
18:21 of 3rd period - Stopped by Rob Madore with a rebound.
18:58 of 3rd period - Icing by Jon Sim.
18:59 of 3rd period - Casey Wellman wins face-off versus Kelly Zajac in Whale zone.
19:55 of 3rd period - Snap shot by Radek Dvorak.
19:55 of 3rd period - Shot Misses the Net.
Goals for this period are 1 for Ice Hogs vs 2 for Whale.
Shots for this period are 5 for Ice Hogs vs 12 for Whale.

Overtime #1


0:01 of 1st overtime period - Johan Larsson wins face-off versus Radek Dvorak in neutral zone.
0:10 of 1st overtime period - Snap shot by Jason Garrison.
0:10 of 1st overtime period - Stopped by Igor Bobkov with a rebound.
0:17 of 1st overtime period - Penalty to Travis Morin is over, Travis Morin is back on ice.
0:30 of 1st overtime period - Wrist shot by John McCarthy.
0:30 of 1st overtime period - Stopped by Rob Madore with a rebound.
2:13 of 1st overtime period - John McCarthy is hit by Casey Wellman and loses puck.
2:24 of 1st overtime period - John McCarthy is hit by Brandon Gormley and loses puck.
3:39 of 1st overtime period - Brent Regner is hit by Dylan Olsen and loses puck.
4:27 of 1st overtime period - Snap shot by Travis Morin.
4:27 of 1st overtime period - Stopped by Igor Bobkov with a rebound.
4:47 of 1st overtime period - Slapshot by Jean-Philippe Cote.
4:47 of 1st overtime period - Stopped by Igor Bobkov with a rebound.
4:55 of 1st overtime period - Snap shot by Nick Tarnasky.
4:55 of 1st overtime period - Goal by Nick Tarnasky - Ice Hogs : 2 - Whale : 3.
Goals for this period are 0 for Ice Hogs vs 1 for Whale.
Shots for this period are 3 for Ice Hogs vs 2 for Whale.


Output by the SimonT Hockey Simulator (STHS) for Eric Dolegowski -- Original Page W3C XHTML 1.0 Valid
Hockey Simulator - Hockey Simulation - Hockey Manager